 Dungeon Crawl Stone Soup version 0.17.1-2-g5865329 (webtiles) character file.

96007 Lysie the Executioner (level 15, -7/123 HPs)
             Began as a Minotaur Fighter on Feb 1, 2016.
             Was a High Priest of Okawaru.
             Killed from afar by Asterion (39 damage)
             ... with a bolt of negative energy
             ... on level 1 of the Elven Halls.
             The game lasted 01:44:40 (32916 turns).

Lysie the Executioner (Minotaur Fighter)           Turns: 32916, Time: 01:44:42

Health: -7/123     AC: 23    Str: 39    XL:     15   Next: 68%
Magic:  19/19      EV: 13    Int: 16    God:    Okawaru [*****.]
Gold:   1254       SH:  0    Dex: 13    Spells: 0 memorised, 14 levels left

rFire  . . .     SeeInvis .     W - +9 war axe of Pantheism {drain, Int+11 Stlth-}
rCold  + . .     Clarity  .     I - +3 scale mail
rNeg   . . .     SustAt   .     (no shield)
rPois  .         Gourm    .     u - +2 hat
rElec  .         Spirit   .     (no cloak)
rCorr  .         Warding  .     c - +2 pair of gloves {Str+3}
rMut   .         Stasis   +     (no boots)
MR     +....                    z - amulet of Niunkira {Stasis rC+ Str+9}
Stlth  ..........               y - +3 ring of strength
                                r - +5 ring of protection

@: heroism, drained, somewhat resistant to hostile enchantments, extremely
unstealthy
A: retaliatory headbutt, horns 2
a: Heroism, Finesse, Renounce Religion


You were on level 1 of the Elven Halls.
You worshipped Okawaru.
Okawaru was extremely pleased with you.
You were not hungry.

You visited 5 branches of the dungeon, and saw 26 of its levels.
You also visited: Sewer.

You collected 2927 gold pieces.
You spent 1673 gold pieces at shops.

Inventory:

Hand Weapons
 a - a +1 hand axe of freezing
 W - the +9 war axe of Pantheism (weapon) {drain, Int+11 Stlth-}
   (Okawaru gifted it to you on level 3 of the Lair of Beasts)

   A truly terrible weapon, it drains the life of those it strikes.
   It affects your intelligence (+11).
   It makes you less stealthy.
 X - a +5 shortbow of evasion
Missiles
 k - 40 tomahawks (quivered)
 o - 149 arrows
 s - 14 arrows of flame
 Z - 19 poisoned arrows
Armour
 b - a +0 scale mail of poison resistance
 c - a +2 pair of gloves of strength (worn)
 g - a +4 shield of resistance
 q - a +2 pair of gloves of archery
 u - a +2 hat (worn)
 I - a +3 scale mail (worn)
 M - a +0 scale mail of fire resistance
Jewellery
 r - a +5 ring of protection (left hand)
 w - the ring "Yczuy" {+/*Tele MR++ Str+2}
   (You bought it in a shop on level 4 of the Orcish Mines)

   [ring of teleportation]

   It may teleport you next to monsters, and can be evoked to randomly teleport.
   It affects your strength (+2).
   It affects your resistance to hostile enchantments.
 y - a +3 ring of strength (right hand)
 z - the amulet of Niunkira (around neck) {Stasis rC+ Str+9}
   (You bought it in a shop on level 4 of the Orcish Mines)

   [amulet of stasis]

   It prevents you from being teleported, slowed, hasted or paralysed.
   It affects your strength (+9).
   It protects you from cold.
 S - an uncursed amulet of rage
 V - an uncursed ring of protection from magic
Wands
 e - a wand of disintegration (21)
 p - a wand of lightning (8)
 C - a wand of fireball (4)
 D - a wand of flame (22)
 L - a wand of draining (9)
Scrolls
 d - 6 scrolls of identify
 l - 8 scrolls of remove curse
 x - 4 scrolls of recharging
 A - 2 scrolls of fog
 B - 3 scrolls of enchant weapon
 H - 3 scrolls of teleportation
 K - 2 scrolls of enchant armour
 N - a scroll of summoning
 P - 3 scrolls of amnesia
 R - a scroll of fear
Potions
 h - 9 potions of curing
 i - 7 potions of flight
 m - 3 potions of lignification
 n - 4 potions of magic
 t - 4 potions of brilliance
 v - 2 potions of agility
 E - 2 potions of berserk rage
 G - a potion of haste
 O - 2 potions of might
Comestibles
 f - 22 royal jellies
 j - 4 meat rations
 F - 2 fruits
 J - 2 beef jerkies


   Skills:
 - Level 8.5(12.7) Fighting
 + Level 21.4(25.2) Axes
 - Level 9.3(13.4) Armour
 * Level 16.7(20.6) Shields
 * Level 7.6(6.8) Invocations
 * Level 7.7(6.9) Evocations


You had 14 spell levels left.
You didn't know any spells.

Dungeon Overview and Level Annotations

Branches:
Dungeon (12/15)            Temple (1/1) D:6            Lair (8/8) D:8
 Shoals (0/4) Lair:6       Spider (0/4) Lair:4        Slime (0/6) Lair:7
    Orc (4/4) D:10            Elf (1/3) Orc:4

Altars:
Ashenzari
Cheibriados
Dithmenos
Elyvilon
Fedhas
Gozag
Kikubaaqudgha
Makhleb
Nemelex Xobeh
Okawaru
Qazlal
Ru
Sif Muna
Trog
Vehumet
Xom
Yredelemnul
Zin
The Shining One
Beogh
Jiyva

Shops:
Orc:4 =?=*

Annotations:
D:9 Poody's ghost, novice OgHu
Lair:1 exclusion: 2 oklob plants
Elf:1 Asterion


Innate Abilities, Weirdness & Mutations

You reflexively headbutt those who attack you in melee.
You have a pair of horns on your head.


Message History

You feel a bit more experienced.
You hear a bellow!
Things that are here:
an uncursed shortbow; 18 arrows; an elf corpse You barely miss the deep elf mage.
Your headbutt misses the deep elf mage.
The deep elf mage mumbles some strange words.
The deep elf mage blinks!
The deep elf mage casts a spell at you. The orb of energy misses you.
Asterion bellows!
Asterion mumbles some strange prayers to Makhleb.
Asterion seems to speed up.
The deep elf conjurer casts a spell at you.
The bolt of lightning hits you! x2
* * * LOW HITPOINT WARNING * * *
The deep elf mage points at you and mumbles some strange words.
The orb of energy misses you.
The orb of energy explodes!
Asterion conjures a destructive force in the name of Makhleb!
The bolt of negative energy hits you!
You feel drained.
You die...

###..#....#...#,,,,,,*
*,,*### #...##......#......*
*,,* #.#...##....#.....**
*,,*
#.#.....##..#....###***++**
#.###(....###e......,,,,,,**
#.###.......#.......,,,,,,,*
#........####.......,,,,,,,*
#####(()#####.......,,,,,,,*
#(.())..@.......,,,,,,,**
#..######.e.....,,>,,,,+,
#### *#......,,,,,,***
*#H....,,,,,** *#....,,,,**
*#...,,,** *#..,,** *##***


You could see Asterion, a deep elf conjurer and a deep elf mage.

Vanquished Creatures
  Kirke (Lair:7)
  Donald (Orc:3)
  2 deep elf sorcerers (Elf:1)
  6 dire elephants (Lair:8)
  Snorg (Lair:3)
  7 hydras
  Harold (Lair:1)
  The ghost of Poody the Basher, a novice OgHu of Qazlal (D:10)
  Erica (D:9)
  An anaconda (Lair:8)
  4 death yaks (Lair:6)
  An orc high priest (Orc:4)
  A small abomination (Elf:1)
  A deep elf knight (Elf:1)
  4 deep elf summoners (Elf:1)
  4 orc sorcerers (Orc:4)
  Pikel (D:7)
  6 hill giants
  4 lindwurms (Lair:2)
  An ugly thing (D:11)
  4 deep elf conjurers (Elf:1)
  2 wizards (Elf:1)
  2 cyclopes
  12 elephants
  Maurice (D:10)
  Joseph (D:10)
  3 black mambas
  A gargoyle (D:12)
  A torpor snail (Lair:8)
  The ghost of Lysie the Nimble, a novice SpEn of Okawaru (D:7)
  21 spiny frogs
  3 trolls
  11 komodo dragons
  3 fire drakes
  3 two-headed ogres
  3 deep elf priests (Elf:1)
  A queen bee (Lair:1)
  Grinder (D:6)
  38 blink frogs
  A boulder beetle (Lair:6)
  4 hogs (Lair:7)
  A tarantella (shapeshifter) (Elf:1)
  8 deep elf magi (Elf:1)
  A water elemental (D:11)
  The ghost of riffraff the Shield-Bearer, an amateur MiFi (D:4)
  A basilisk (Lair:4)
  Eustachio (D:5)
  A wyvern (D:9)
  2 hungry ghosts
  65 yaks
  15 deep elf fighters
  A steam dragon (Lair:8)
  3 wargs
  16 hippogriffs
  9 wolves
  Menkaure (D:7)
  Edmund (D:6)
  20 water moccasins
  A slave (D:7)
  20 orc warriors
  5 sky beasts
  2 phantoms
  6 black bears
  12 porcupines
  A wasp (D:9)
  An eye of draining (D:12)
  A boggart (Elf:1)
  11 centaurs
  8 ogres
  2 big kobolds
  6 ice beasts
  18 crocodiles
  19 giant frogs
  A gnoll sergeant (D:6)
  A water moccasin zombie (D:9)
  5 scorpions
  24 killer bees
  4 crimson imps
  4 giant frog zombies
  2 wasp zombies
  39 orc wizards
  5 jellies
  8 iguanas
  30 orc priests
  6 hounds
  A giant frog skeleton (D:6)
  Terence (D:2)
  2 centaur skeletons
  5 hell rats (Lair:4)
  10 worker ants
  22 sheep
  A worker ant zombie (D:6)
  28 adders
  9 gnolls
  51 river rats
  2 shadow imps
  6 oozes
  An adder zombie (D:6)
  2 adder skeletons
  3 worms
  7 giant geckos
  200 orcs
  3 ball pythons (Sewer)
  13 bats
  14 goblins
  5 hobgoblins
  15 jackals
  4 quokkas
  8 giant cockroaches
  A giant gecko skeleton (D:5)
  7 giant newts
  A jackal zombie (D:8)
  17 kobolds
  A quokka skeleton (D:4)
  16 rats
  9 fungi
  44 plants
1064 creatures vanquished.

Vanquished Creatures (others)
  A deep elf fighter (Elf:1)
  2 slaves (D:7)
  A crocodile (D:11)
  4 bushes (Lair:6)
  33 fungi
  24 plants
65 creatures vanquished.

Grand Total: 1129 creatures vanquished

Notes
Turn   | Place    | Note
--------------------------------------------------------------
     0 | D:1      | Lysie the Minotaur Fighter began the quest for the Orb.
     0 | D:1      | Reached XP level 1. HP: 19/19 MP: 0/0
    66 | D:1      | Reached skill level 4 in Shields
    66 | D:1      | Reached XP level 2. HP: 24/26 MP: 1/1
   466 | D:1      | Reached XP level 3. HP: 31/31 MP: 2/2
   707 | D:2      | Found a glowing golden altar of the Shining One.
   948 | D:2      | Noticed Terence
   952 | D:2      | Killed Terence
   993 | D:2      | Reached XP level 4. HP: 37/39 MP: 3/3
  1560 | D:3      | Found a glowing drain.
  1591 | D:3      | Reached skill level 5 in Shields
  1608 | Sewer    | Entered a sewer
  1619 | Sewer    | Reached XP level 5. HP: 31/45 MP: 4/4
  1726 | Sewer    | Reached skill level 5 in Armour
  1809 | Sewer    | Noticed a big kobold
  1819 | Sewer    | Killed a big kobold
  1913 | Sewer    | Reached skill level 5 in Axes
  1973 | D:3      | Reached XP level 6. HP: 49/51 MP: 5/5
  2355 | D:3      | Noticed an angel
  2356 | D:3      | Found a glowing silver altar of Zin.
  2609 | D:4      | Reached skill level 6 in Shields
  2846 | D:4      | Reached XP level 7. HP: 44/57 MP: 6/6
  2931 | D:4      | Noticed riffraff's ghost (amateur MiFi)
  2966 | D:4      | Killed riffraff's ghost
  3093 | D:4      | Reached skill level 7 in Axes
  3770 | D:5      | Entered Level 5 of the Dungeon
  4157 | D:5      | Reached skill level 8 in Axes
  4206 | D:5      | Reached XP level 8. HP: 59/64 MP: 7/7
  4257 | D:5      | Noticed Eustachio
  4289 | D:5      | Killed Eustachio
  4541 | D:6      | Noticed Grinder
  4547 | D:6      | Reached skill level 9 in Axes
  4575 | D:6      | Killed Grinder
  4685 | D:6      | Reached skill level 10 in Axes
  4805 | D:6      | Noticed Edmund
  4823 | D:6      | Killed Edmund
  4902 | D:6      | Found a staircase to the Ecumenical Temple.
  4912 | Temple   | Entered the Ecumenical Temple
  5006 | D:6      | Found a basalt altar of Yredelemnul.
  5007 | D:6      | Found a deep blue altar of Sif Muna.
  5120 | D:6      | Reached XP level 9. HP: 62/70 MP: 8/8
  5159 | D:6      | Found a white marble altar of Elyvilon.
  5162 | D:6      | Found an iron altar of Okawaru.
  5164 | D:6      | Found a sacrificial altar of Ru.
  5172 | D:6      | Became a worshipper of Warmaster Okawaru
  5290 | D:7      | Noticed Lysie's ghost (novice SpEn)
  5454 | D:7      | Killed Lysie's ghost
  5557 | D:7      | Reached skill level 11 in Axes
  5573 | D:7      | Noticed Pikel
  5600 | D:7      | Killed Pikel
  5600 | D:7      | Reached * piety under Okawaru
  5633 | D:7      | Noticed Menkaure
  5638 | D:7      | Killed Menkaure
  5683 | D:7      | Noticed a hill giant
  5721 | D:7      | Found a deep blue altar of Sif Muna.
  5809 | D:7      | Reached skill level 10 in Shields
  6091 | D:7      | Killed a hill giant
  6091 | D:7      | Reached skill level 12 in Axes
  6416 | D:7      | Reached XP level 10. HP: 77/77 MP: 9/9
  6432 | D:7      | Reached ** piety under Okawaru
  7169 | D:8      | Noticed a hill giant
  7194 | D:8      | Killed a hill giant
  7221 | D:8      | Reached *** piety under Okawaru
  7221 | D:8      | Reached skill level 13 in Axes
  7257 | D:8      | Found a staircase to the Lair.
  7916 | D:9      | Reached **** piety under Okawaru
  8194 | D:9      | Found a shimmering altar of Xom.
  8194 | D:9      | Found a shimmering altar of Xom.
  8195 | D:9      | Found a shimmering altar of Xom.
  8261 | D:9      | Noticed Poody's ghost (novice OgHu)
  8267 | D:9      | Reached XP level 11. HP: 82/82 MP: 7/10
  8996 | D:9      | Reached skill level 14 in Axes
  9043 | D:9      | Noticed Erica
  9066 | D:9      | Killed Erica
  9066 | D:9      | Reached ***** piety under Okawaru
  9772 | D:10     | Entered Level 10 of the Dungeon
  9772 | D:10     | Noticed a hill giant
  9784 | D:10     | Killed a hill giant
  9897 | D:10     | Reached skill level 5 in Fighting
  9900 | D:10     | Noticed Joseph
  9925 | D:10     | Killed Joseph
 10057 | D:10     | Found a roughly hewn altar of Beogh.
 10059 | D:10     | Found a staircase to the Orcish Mines.
 10939 | D:10     | Found a glowing silver altar of Zin.
 11021 | D:10     | Noticed Maurice
 11037 | D:10     | Killed Maurice
 11274 | Orc:1    | Entered Level 1 of the Orcish Mines
 11540 | Orc:2    | Found an iron altar of Okawaru.
 12047 | Orc:3    | Noticed Donald
 14142 | Orc:1    | HP: 1/92 [orc warrior/battleaxe[an orc knight] (27)]
 15044 | D:11     | Reached XP level 12. HP: 103/103 MP: 11/11
 15358 | D:11     | Noticed a hill giant
 15367 | D:11     | Killed a hill giant
 15367 | D:11     | Reached skill level 1 in Evocations
 15474 | D:11     | Found a sparkling altar of Nemelex Xobeh.
 16157 | D:12     | Reached skill level 15 in Axes
 16874 | Lair:1   | Entered Level 1 of the Lair of Beasts
 16895 | Lair:1   | Noticed Harold
 16912 | Lair:1   | Killed Harold
 17099 | Lair:1   | HP: 2/103 [killer bee (10)]
 17530 | Lair:1   | Reached skill level 16 in Axes
 19064 | Lair:3   | Reached XP level 13. HP: 66/108 MP: 15/15
 19348 | Lair:3   | Noticed a six-headed hydra
 19371 | Lair:3   | Killed a 13-headed hydra
 19371 | Lair:3   | Reached skill level 1 in Invocations
 19664 | Lair:3   | Reached skill level 17 in Axes
 19836 | Lair:3   | Noticed a four-headed hydra
 19844 | Lair:3   | Killed an eight-headed hydra
 19848 | Lair:3   | Noticed a four-headed hydra
 19954 | Lair:3   | Killed a 12-headed hydra
 19954 | Lair:3   | Received a gift from Okawaru
 20030 | Lair:3   | Got a slimy war axe {god gift}
 20032 | Lair:3   | Identified the +9 war axe of Pantheism {drain, Int+11 Stlth-} (Okawaru gifted it to you on level 3 of the Lair of Beasts)
 20225 | Lair:3   | Noticed Snorg
 20233 | Lair:3   | Killed Snorg
 20601 | Lair:2   | Reached skill level 15 in Shields
 20933 | Lair:4   | Found a hole to the Spider Nest.
 21294 | Lair:4   | Reached skill level 5 in Evocations
 21302 | Lair:4   | Reached skill level 18 in Axes
 23262 | Lair:6   | Reached XP level 14. HP: 103/116 MP: 17/17
 23445 | Lair:6   | Found a staircase to the Shoals.
 23472 | Lair:6   | Reached ****** piety under Okawaru
 23955 | Lair:6   | Received a gift from Okawaru
 24483 | Lair:6   | Reached skill level 19 in Axes
 24483 | Lair:6   | Reached skill level 5 in Invocations
 25476 | Lair:7   | Noticed Kirke
 25543 | Lair:7   | Killed Kirke
 26101 | Lair:7   | Found a staircase to the Slime Pits.
 26101 | Lair:7   | Found a viscous altar of Jiyva.
 26389 | Lair:8   | Entered Level 8 of the Lair of Beasts
 26985 | Lair:8   | Received a gift from Okawaru
 27149 | Lair:8   | Reached skill level 20 in Axes
 28099 | Lair:8   | Reached XP level 15. HP: 49/123 MP: 19/19
 30170 | D:10     | Killed Poody's ghost
 30524 | Orc:3    | Killed Donald
 30747 | Orc:4    | Entered Level 4 of the Orcish Mines
 30847 | Orc:4    | Found a staircase to the Elven Halls.
 31644 | Orc:4    | Found Tiosanni's Jewellery Shoppe.
 31644 | Orc:4    | Found Cohohit's Jewellery Emporium.
 31647 | Orc:4    | Found Plog's Assorted Antiques.
 31656 | Orc:4    | Found Zemopawn's Magic Scroll Shoppe.
 31679 | Orc:4    | Bought a +5 ring of protection for 935 gold pieces
 31683 | Orc:4    | Bought the ring "Yczuy" {+/*Tele MR++ Str+2} for 593 gold pieces
 31685 | Orc:4    | Bought a vibrating steel amulet for 145 gold pieces
 31686 | Orc:4    | Identified the amulet of Niunkira {Stasis rC+ Str+9} (You bought it in a shop on level 4 of the Orcish Mines)
 31909 | Elf:1    | Entered Level 1 of the Elven Halls
 32016 | Elf:1    | Reached skill level 21 in Axes
 32868 | Elf:1    | Noticed Asterion
 32916 | Elf:1    | Killed from afar by Asterion

Action                   |  1- 3 |  4- 6 |  7- 9 | 10-12 | 13-15 || total
-------------------------+-------+-------+-------+-------+-------++-------
Melee: War axe           |    82 |   183 |   427 |    29 |  1094 ||  1815
       Hand axe          |       |       |       |  1346 |   101 ||  1447
       Unarmed           |       |       |       |       |     4 ||     4
 Fire: Shortbow          |       |       |       |       |     4 ||     4
Throw: Tomahawk          |       |       |     8 |    16 |     4 ||    28
Invok: Heroism           |       |       |       |    28 |    42 ||    70
       Finesse           |       |       |       |     1 |       ||     1
 Abil: Evoke Berserk Rag |       |       |       |       |     7 ||     7
Evoke: Wand              |       |       |       |     3 |       ||     3
  Use: Scroll            |     1 |       |     6 |    20 |    12 ||    39
       Potion            |       |       |     9 |    14 |     4 ||    27
  Eat: Bread ration      |       |     1 |       |     8 |     2 ||    11
       Pizza             |       |     1 |     1 |       |     2 ||     4
       Royal jelly       |       |     1 |       |       |       ||     1
       Beef jerky        |       |       |     1 |     1 |     1 ||     3
       Meat ration       |       |       |     2 |     1 |     6 ||     9
       Fruit             |       |       |       |     8 |    16 ||    24
